 Dungeon Crawl Stone Soup version 0.31.0-32-g396128a36d (webtiles) character file.

Game seed: 3959755089981711053

5588 Minsecho the Spear-Bearer (level 11, 0/84 HPs)
             Began as a Formicid Fighter on Mar 17, 2024.
             Was a High Priest of Jiyva.
             Slain by an orc warrior
             ... wielding a +0 halberd
              (15 damage)
             ... on level 9 of the Dungeon.
             The game lasted 00:15:43 (6404 turns).

Minsecho the Spear-Bearer (Formicid Fighter)        Turns: 6404, Time: 00:15:44

Health: 0/84       AC:  4    Str: 25    XL:     11   Next: 2%
Magic:  11/11      EV: 12    Int:  8    God:    Jiyva [*****.]
Gold:   285        SH:  6    Dex: 13    Spells: 11/11 levels left

rFire   . . .        B - +5 battleaxe
rCold   . . .        c - +0 buckler
rNeg    . . .        G - +0 troll leather armour
rPois   .            (helmet unavailable)
rElec   .            (no cloak)
rCorr   +            (no gloves)
SInv    +            (no boots)
Will    ++...        m - amulet of magic regeneration
Stlth   +++          (no ring)
HPRegen 2.58/turn    (no ring)
MPRegen 1.24/turn

%: no passive effects
@: no status effects
A: permanent stasis, dig shafts and tunnels, antennae 3, four strong arms,
strong-willed 1, mutation resistance 2, translucent skin 3, tendrils, MP-powered
wands
a: Dig, Shaft Self, Renounce Religion, Oozemancy, Slimify


You were on level 9 of the Dungeon.
You worshipped Jiyva.
Jiyva was extremely pleased with you.
You visited 1 branch of the dungeon, and saw 9 of its levels.

You collected 285 gold pieces.

Inventory:

Hand Weapons
 a - a +1 trident
 s - a +2 war axe of flaming
 v - a +0 halberd
 w - a +2 whip of freezing
 B - a +5 battleaxe (weapon)
 D - a +1 heavy orcbow
 H - a +0 vampiric whip
Missiles
 x - 2 curare-tipped darts
 F - 3 javelins
Armour
 b - a +0 scale mail
 c - a +0 buckler (worn)
 q - a +0 cloak
 r - a +0 kite shield
 G - a +0 troll leather armour (worn)
Jewellery
 m - an amulet of magic regeneration (around neck)
Wands
 p - a wand of flame (12) (quivered)
 t - a wand of digging (2)
 z - a wand of roots (9)
Scrolls
 h - a scroll of poison {unknown}
 j - a scroll of identify
 l - 2 scrolls of fear {unknown}
 n - a scroll of silence {unknown}
 o - a scroll of immolation {unknown}
 y - a scroll of fog {unknown}
 A - a scroll of enchant armour {unknown}
 C - a scroll of enchant weapon {unknown}
Potions
 d - a potion of might
 e - a potion of invisibility {unknown}
 f - a potion of magic
 g - a potion of attraction
 i - a potion of heal wounds {unknown}
 k - a potion of brilliance {unknown}
 u - a potion of cancellation {unknown}
 E - a potion of curing {unknown}


   Skills:
 + Level 7.3 Fighting
 + Level 3.1(6.7) Axes
 + Level 9.4(9.7) Polearms
 * Level 1.5 Throwing
 + Level 8.5 Armour
 + Level 3.5 Dodging
 + Level 3.6 Stealth
 + Level 7.9 Shields
 * Level 0.6 Spellcasting
 * Level 0.9 Alchemy
 + Level 2.4 Evocations


You had 11 spell levels left.
You didn't know any spells.
Your spell library contained the following spells:

 Spells                   Type           Power      Damage    Failure   Level
 Olgreb's Toxic Radiance  Alch           1%         N/A       98%         4
 Animate Dead             Necr           0%         N/A       99%         4
 Borgnjor's Vile Clutch   Necr/Erth      0%         N/A       100%        5
 Death Channel            Necr           0%         N/A       100%        6
 Ozocubu's Refrigeration  Ice            0%         4d7       100%        7
 Discord                  Hex            0%         N/A       100%        8


Dungeon Overview and Level Annotations

Branches:
Dungeon (9/15)             Temple (0/1) D:5            Lair (0/5) D:8
    Orc: D:9-12

Altars:
Ashenzari
Cheibriados
Dithmenos
Fedhas
Hepliaklqana
Makhleb
Nemelex Xobeh
Qazlal
Sif Muna
Trog
Uskayaw
Wu Jian
Xom
Yredelemnul
The Shining One
Jiyva

Shops:
D:8 (

Annotations:
D:4 3 runed translucent doors, Lemonizer's ghost, amateur HORe


Innate Abilities, Weirdness & Mutations

You cannot be hasted, slowed, berserked, paralysed or teleported.
You can dig through walls and to a lower floor.
You have a pair of large antennae on your head. (SInv)
Your four strong arms can wield two-handed weapons with a shield.
You are strong-willed. (Will+)
You are somewhat resistant to both further mutation and mutation removal.
Your transparent skin significantly reduces your foes' accuracy. (Stealth+)
You are covered in slimy tendrils that may disarm your opponents.
You expend magic power (3 MP) to strengthen your wands.


Message History

You are too injured to fight recklessly!
You are too injured to fight recklessly!
You slice the orc!!
You kill the orc!
You block the orc warrior's attack. The orc warrior closely misses you.
The orc barely misses you.
Your tendrils lash around the orc's +0 flail and pull it to the ground!
You closely miss the orc.
The orc warrior hits you from afar with a +0 halberd!
You block the orc's attack.
You slice the orc!!
You kill the orc!
The orc warrior barely misses you.
The orc throws a boomerang.
The boomerang hits you.
You slice the orc!!
You kill the orc!
You closely miss the orc. The orc barely misses you.
You barely miss the orc. The orc barely misses you.
The orc warrior hits you from afar with a +0 halberd!
The orc closely misses you.
The orc warrior hits you from afar with a +0 halberd!!
* * * LOW HITPOINT WARNING * * *
You slash the orc!
You kill the orc!
The orc warrior hits you from afar with a +0 halberd!
* * * LOW HITPOINT WARNING * * *
Okay, then.
Okay, then.
Unknown command.
Okay, then.
Unknown command.
Okay, then.
Unknown command.
Press: ? - help, v - describe, . - travel, g - get item
Here: an orc warrior, wielding a +0 halberd and wearing a +0 plate armour
Items here: $ )))) [.
The floor, spattered with blood.
The orc warrior attacks as it pursues you!
The orc warrior hits you from afar with a +0 halberd!
You die...

.{J..#.#...#.###..#
#.#.#
######.#####.# #.##
#.#.# #.# ..# #>#
..#.# #.# ### #.#
###.# ######.# #.#
#.# .......# #.#
#.# ######## #.#
#.# #.# #.# # #@#
#.# ##8 #.# #.#
.#... #o# #.# {
.....{##)# #.#
....o{)o)# #.#
....oo##.# # #.#
.#... #.#.# #.# ##8
###.#.##### #.# #
#.........###.#


You could see an orc warrior and an orc.

Vanquished Creatures
  Pikel (D:7)
  A troll (D:9)
  A shadow (D:9)
  A wyvern (D:9)
  6 yaks (D:7)
  A steam dragon (D:9)
  A water moccasin (D:8)
  2 ice beasts
  5 orc warriors
  3 wolves (D:8)
  A centaur (D:9)
  Blork the orc (D:6)
  2 kobold brigands
  2 gnoll sergeants
  5 bullfrogs
  12 wights
  4 killer bees (D:7)
  5 electric eels (D:8)
  A bombardier beetle (D:7)
  6 hounds
  3 orc priests
  A sleepcap (D:5)
  Ijyb (D:5)
  2 iguanas
  An orc wizard (D:7)
  Robin (D:3)
  6 gnolls
  5 adders
  A white imp (D:5)
  A dart slug (D:2)
  14 orcs
  4 ball pythons
  3 endoplasms (D:1)
  8 goblins
  11 hobgoblins
  2 jackals (D:4)
  A quokka (D:1)
  4 bats
  10 kobolds
  6 rats
146 creatures vanquished.

Vanquished Creatures (collateral kills)
  A manticore (D:7)
1 creature vanquished.

Vanquished Creatures (others)
  A water moccasin (D:8)
  A scorpion (D:5)
  An electric eel (D:7)
  15 jellies
  5 orc priests
  A hound (D:8)
  A sleepcap (D:5)
  An iguana (D:5)
  A gnoll (D:9)
  An adder (D:4)
  A shadow imp (D:5)
  A ribbon worm (D:4)
  A dart slug (D:1)
  8 orcs
  2 endoplasms
  A giant cockroach (D:1)
  2 goblins
  A hobgoblin (D:1)
  6 jackals
  4 kobolds
  2 quokkas
  A ball python (D:2)
  A rat (D:1)
59 creatures vanquished.

Grand Total: 206 creatures vanquished

Notes
Turn   | Place    | Note
-------+----------+-------------------------------------------
     0 | D:1      | Minsecho the Formicid Fighter began the quest for the Orb.
     0 | D:1      | Reached XP level 1. HP: 18/18 MP: 1/1
   128 | D:1      | Reached XP level 2. HP: 22/24 MP: 2/2
   194 | D:1      | Found a faded altar of an unknown god.
   202 | D:1      | Prayed at the altar of an unknown god.
   202 | D:1      | Became a worshipper of Jiyva Jamog the Shapeless
   202 | D:1      | Reached * piety under Jiyva
   810 | D:2      | Reached XP level 3. HP: 28/29 MP: 3/3
   821 | D:2      | Reached ** piety under Jiyva
  1109 | D:2      | Found an ornate altar of the Wu Jian Council.
  1492 | D:3      | Found a blossoming altar of Fedhas.
  1537 | D:3      | Found a stormy altar of Qazlal.
  1564 | D:3      | Reached *** piety under Jiyva
  1581 | D:3      | Noticed Robin
  1622 | D:3      | Reached XP level 4. HP: 20/37 MP: 4/4
  1624 | D:3      | Killed Robin
  1625 | D:3      | Reached skill level 3 in Polearms
  1699 | D:3      | Gained mutation: Your translucent skin slightly reduces
                  | your foes' accuracy. (Stealth+) [Jiyva's grace]
  1699 | D:3      | Gained mutation: Your translucent skin reduces your foes'
                  | accuracy. (Stealth+) [Jiyva's grace]
  1699 | D:3      | Gained mutation: Your transparent skin significantly
                  | reduces your foes' accuracy. (Stealth+) [Jiyva's grace]
  1699 | D:3      | Gained mutation: You are strong-willed. (Will+) [Jiyva's
                  | grace]
  2163 | D:4      | Found a hide-covered altar of Uskayaw.
  2163 | D:4      | Found a sparkling altar of Nemelex Xobeh.
  2184 | D:4      | Reached **** piety under Jiyva
  2345 | D:4      | Found a burning altar of Makhleb.
  2355 | D:4      | Reached XP level 5. HP: 26/42 MP: 5/5
  2369 | D:4      | Found a basalt altar of Yredelemnul.
  2490 | D:4      | Found a runed translucent gate.
  2490 | D:4      | Found a runed translucent gate.
  2490 | D:4      | Found a runed translucent gate.
  2490 | D:4      | Noticed a kobold brigand
  2491 | D:4      | Noticed Lemonizer's ghost (amateur HORe)
  2626 | D:5      | Entered Level 5 of the Dungeon
  2637 | D:5      | Found a staircase to the Ecumenical Temple.
  2699 | D:5      | Reached XP level 6. HP: 31/48 MP: 6/6
  2707 | D:5      | Reached skill level 4 in Polearms
  2920 | D:5      | Noticed Ijyb
  2940 | D:5      | Killed Ijyb
  3046 | D:5      | Found a snail-covered altar of Cheibriados.
  3077 | D:5      | Noticed an ice beast
  3092 | D:5      | Killed an ice beast
  3093 | D:5      | Reached skill level 1 in Dodging
  3093 | D:5      | Reached skill level 5 in Shields
  3141 | D:5      | Reached XP level 7. HP: 47/55 MP: 7/7
  3159 | D:5      | Found a broken altar of Ashenzari.
  3251 | D:6      | Reached ***** piety under Jiyva
  3269 | D:6      | Reached skill level 5 in Polearms
  3293 | D:6      | Found a bloodstained altar of Trog.
  3342 | D:6      | Lost mutation: Your transparent skin significantly reduces
                  | your foes' accuracy. (Stealth+) [Jiyva's grace]
  3342 | D:6      | Lost mutation: Your translucent skin reduces your foes'
                  | accuracy. (Stealth+) [Jiyva's grace]
  3342 | D:6      | Gained mutation: You are somewhat resistant to further
                  | mutation. [Jiyva's grace]
  3342 | D:6      | Gained mutation: You are somewhat resistant to both further
                  | mutation and mutation removal. [Jiyva's grace]
  3342 | D:6      | Gained mutation: You are almost entirely resistant to
                  | further mutation and mutation removal. [Jiyva's grace]
  3342 | D:6      | Gained mutation: You have sharp fingernails. [Jiyva's
                  | grace]
  3372 | D:6      | Found a shimmering altar of Xom.
  3373 | D:6      | Found a hazy altar of Hepliaklqana.
  3374 | D:6      | Noticed a spectral ugly thing
  3416 | D:6      | Noticed Blork the orc
  3425 | D:6      | Killed Blork the orc
  3426 | D:6      | Reached skill level 5 in Armour
  3426 | D:6      | Reached skill level 1 in Stealth
  3451 | D:6      | Reached XP level 8. HP: 61/61 MP: 8/8
  3475 | D:6      | Found a shimmering blue altar of Sif Muna.
  3598 | D:6      | Reached skill level 6 in Polearms
  3700 | D:7      | Reached skill level 1 in Evocations
  3759 | D:7      | Noticed a manticore
  3766 | D:7      | Killed a manticore
  3767 | D:7      | Reached skill level 5 in Fighting
  3882 | D:7      | Noticed a yak
  3890 | D:7      | Killed a yak
  3891 | D:7      | Reached skill level 7 in Polearms
  3891 | D:7      | Reached XP level 9. HP: 59/68 MP: 7/9
  3943 | D:7      | Reached skill level 8 in Polearms
  4196 | D:7      | Found a glowing golden altar of the Shining One.
  4476 | D:7      | Noticed Pikel
  4487 | D:7      | Killed Pikel
  4488 | D:7      | Reached XP level 10. HP: 77/77 MP: 10/10
  4847 | D:8      | Reached skill level 9 in Polearms
  4989 | D:8      | Found a staircase to the Lair.
  5050 | D:8      | Found a shadowy altar of Dithmenos.
  5294 | D:8      | Lost mutation: You have sharp fingernails. [Jiyva's grace]
  5294 | D:8      | Lost mutation: You are almost entirely resistant to further
                  | mutation and mutation removal. [Jiyva's grace]
  5294 | D:8      | Gained mutation: You expend magic power (3 MP) to
                  | strengthen your wands. [Jiyva's grace]
  5294 | D:8      | Gained mutation: Your translucent skin reduces your foes'
                  | accuracy. (Stealth+) [Jiyva's grace]
  5294 | D:8      | Gained mutation: Your transparent skin significantly
                  | reduces your foes' accuracy. (Stealth+) [Jiyva's grace]
  5294 | D:8      | Gained mutation: You are covered in slimy tendrils that may
                  | disarm your opponents. [Jiyva's grace]
  5367 | D:8      | Found Vakofaoqawn's Antique Weapon Emporium.
  6088 | D:9      | Reached skill level 1 in Axes
  6307 | D:9      | Reached skill level 1 in Throwing
  6387 | D:9      | Reached XP level 11. HP: 69/83 MP: 11/11
  6404 | D:9      | Slain by an orc warrior

Illustrated notes

Levels and vault maps discovered:
D:1:      dpeg_arrival_round_a, layout_basic, ebering_ecumenical_altar_webs,
          minmay_misc_feat_roman, minmay_tiny_reverse_x
D:2:      layout_loops_cross, basic_altar, grunt_decor_cap
D:3:      layout_basic, grunt_temple_overflow_forces_of_nature, uniq_robin
D:4:      layout_basic, amethyst_overflow_temple_binary, jmf_multi_god_temple2,
          gammafunk_ghost_nasty_kobolds
D:5:      layout_cave_pools, lemuel_round_altar, mainiacjoe_overflow_paths,
          temple_doors_ab, hangedman_abyss_or_decor_stabs, minivault_25,
          roderic_serpentine_path, uniq_ijyb
D:6:      layout_rooms, regret_index_temple_of_mockery, bloody_trog,
          mainiacjoe_overflow_surrounded_room, uniq_blork_the_orc
D:7:      layout_loops_ring, tso_altar, lightli_minifort, uniq_pikel
D:8:      layout_gridville, nicolae_dithmenos_shadow_blocks, erik_lair_island,
          serial_shops, nicolae_shop_window_shopping
D:9:      layout_basic, david_orc_4, chequers_jeans

Skill      XL: |  1  2  3  4  5  6  7  8  9 10 |
---------------+-------------------------------+-----
Polearms       | 3 4 5 7 8 9 |  9.4
Armour         | 4 5 7 8 |  8.5
Fighting       | 4 5 6 7 |  7.3
Dodging        | 1 2 3 |  3.5
Shields        | 5 6 7 |  7.9
Stealth        | 1 2 3 |  3.6
Evocations     | 1 2 |  2.4
Axes           | 3 |  3.1
Throwing       | 1 |  1.5
Spellcasting   | |  0.6
Alchemy        | |  0.9

Action                     |  1- 3 |  4- 6 |  7- 9 | 10-12 || total
---------------------------+-------+-------+-------+-------++-------
  Melee: Trident           |   105 |   119 |   125 |       ||   349
         Halberd           |       |       |    11 |   111 ||   122
         Battleaxe         |       |       |       |    78 ||    78
  Throw: Dart              |       |       |       |     1 ||     1
 Invoke: Oozemancy         |       |       |     3 |     1 ||     4
         Slimify           |       |       |       |     1 ||     1
  Evoke: Wand              |       |     3 |     5 |     8 ||    16
    Use: Scroll            |       |     1 |       |       ||     1
         Potion            |       |       |     1 |       ||     1
   Stab: Sleeping          |       |       |     1 |     2 ||     3
 Armour: Scale mail        |    66 |    63 |    74 |   113 ||   316
         Troll leather arm |       |       |       |    23 ||    23
  Dodge: Dodged            |    41 |    52 |    65 |   132 ||   290
  Block: Buckler           |    18 |    25 |    25 |    71 ||   139
